Devils vs Bruins

Created - November 11, 2024 at 19:32

Goals
1 2 3 OT1 T
Devils 0 1 0 1 2
Bruins 0 0 1 0 1
Shots
1 2 3 OT1 T
Devils 7 6 12 2 27
Bruins 9 1 10 0 20

1st period

No Goal

Penalties :
Nick Palmieri (N.J) for High sticking (Minor) at 1:36, Brett Pesce (Bos) for Cross-checking (Minor) at 13:14, Adam Pelech (Bos) for Tripping (Minor) at 16:34

2nd period

1. Devils , Michael Del Zotto 1 (Nazem Kadri 3, Tyler Ennis 9) at 17:11

Penalties :
Zack Kassian (Bos) for Interference (Minor) at 0:52, Josh Manson (Bos) for Cross-checking (Minor) at 9:38, Logan Shaw (N.J) for Cross-checking (Minor) at 17:39

3rd period

2. Bruins , Gabriel Landeskog 5 (Wojtek Wolski 3, Josh Manson 3) at 10:27

Penalties :
Torey Krug (Bos) for High sticking (Minor) at 3:28, Adam Pelech (Bos) for High sticking (Minor) at 14:40, Eric Tangradi (N.J) for Roughing (Minor) at 16:52

Overtime #1

3. Devils , Brayden Point 2 (Jonathan Huberdeau 7) at 1:09

Penalties :
No Penalty

Goalie Stats

Jonathan Quick (N.J), 19 saves from 20 shots - (0.950), W, 5-2-0, 61:09 minutes
Kevin Poulin (Bos), 25 saves from 27 shots - (0.926), OTL, 5-3-2, 61:09 minutes

Players Stats for Devils

Player Name              G  A  P  +/- PIM S  H  SB GA TA FO     MP     PP MP  PK MP  
------------------------------------------------------------------------------------
Anton Lander             0  0  0   0  0   2  1  1  0  0  4/6    10:43   0:00   3:20 
Brandon Carlo            0  0  0   0  0   1  1  2  0  0  0/0    24:49   5:53   3:36 
Brayden Point            1  0  1   1  0   2  3  0  0  0  5/11   18:28   5:18   0:22 
Damon Severson           0  0  0   0  0   0  0  1  0  1  0/0    20:00   6:01   0:00 
Eric Tangradi            0  0  0   0  2   0  2  0  0  0  0/0     8:34   0:15   0:44 
Jonathan Huberdeau       0  1  1   1  0   2  2  1  1  0  0/1    18:21   5:18   0:23 
Kristopher Letang        0  0  0   0  0   1  3  1  0  1  0/0    20:57   5:53   0:00 
Logan Shaw               0  0  0   0  2   3  2  0  0  0  0/0    13:39   0:03   1:13 
Matt Donovan             0  0  0   0  0   0  0  0  0  0  0/0    15:59   0:00   2:21 
Michael Del Zotto        1  0  1   1  0   1  1  0  0  0  0/0    23:25   6:01   3:36 
Nail Yakupov             0  0  0   0  0   1  0  0  0  0  0/0     7:13   0:00   0:00 
Nazem Kadri              0  1  1   1  0   4  0  0  1  1  11/25  21:30   6:21   1:43 
Nick Palmieri            0  0  0   1  2   2  0  1  0  0  1/2    15:32   0:28   2:05 
Ondrej Kase              0  0  0  -1  0   1  4  0  0  0  0/1    17:04   5:18   2:04 
Sean Monahan             0  0  0  -1  0   2  1  0  0  0  2/7    16:12   6:30   0:00 
Sven Baertschi           0  0  0  -1  0   2  1  0  1  0  0/0     9:25   0:00   0:00 
Thomas Hickey            0  0  0   0  0   1  1  2  0  1  0/0    15:59   0:00   2:21 
Tyler Ennis              0  1  1   1  0   2  4  1  0  0  1/2    19:37   6:11   0:00 

Players Stats for Bruins

Player Name              G  A  P  +/- PIM S  H  SB GA TA FO     MP     PP MP  PK MP  
------------------------------------------------------------------------------------
Adam Pelech              0  0  0  -1  4   0  1  1  0  1  0/0     9:19   0:00   0:00 
Alexander Wennberg       0  0  0  -1  0   3  2  0  0  0  10/15  20:41   2:54   3:34 
Andreas Athanasiou       0  0  0   0  0   2  0  1  0  0  0/0    13:48   0:00   2:31 
Brett Pesce              0  0  0   0  2   0  0  0  0  0  0/0     4:16   0:00   0:07 
Casey Cizikas            0  0  0   0  0   2  1  0  0  0  2/4    10:28   0:00   0:00 
Eric Wellwood            0  0  0   0  0   0  1  0  0  0  0/0    13:53   0:00   2:18 
Gabriel Landeskog        1  0  1   0  0   2  1  0  1  0  7/12   26:52   3:03   6:23 
Jason Demers             0  0  0  -1  0   0  3  1  1  0  0/0    30:34   3:37   7:15 
John Quenneville         0  0  0   1  0   0  0  0  0  0  1/2     4:32   0:00   0:00 
Jonathan Toews           0  0  0  -2  0   3  2  1  0  0  11/22  20:18   3:03   3:25 
Josh Manson              0  1  1   1  2   1  0  2  0  1  0/0    20:11   2:20   3:35 
Madison Bowey            0  0  0   0  0   1  0  1  1  0  0/0    25:40   3:37   7:15 
Mark Stone               0  0  0   0  0   0  0  0  0  0  0/0    16:20   2:54   0:00 
Mattias Ekholm           0  0  0  -1  0   0  0  0  0  0  0/0    12:23   0:00   1:23 
Torey Krug               0  0  0   1  2   2  0  0  0  1  0/0    19:09   2:20   4:13 
Wojtek Wolski            0  1  1   0  0   2  6  0  0  0  0/0    16:30   2:54   0:18 
Zack Kassian             0  0  0  -1  2   1  0  1  1  0  0/0    22:01   3:03   5:19 
Zemgus Girgensons        0  0  0   1  0   1  0  1  0  0  0/0     4:32   0:00   0:00 

3 Stars

1 - Brayden Point (N.J)
2 - Michael Del Zotto (N.J)
3 - Tyler Ennis (N.J)

Power Play

Devils - 0 on 6 Attempt(s) - 0.00%
Bruins - 0 on 3 Attempt(s) - 0.00%

Penalty Kill

Devils - 3 on 3 Attempt(s) - 100.00% - Score 0 goal in Penalty Kill
Bruins - 6 on 6 Attempt(s) - 100.00% - Score 0 goal in Penalty Kill

Team Stat

Devils - Hits : 26 - Faceoff Wins : 24 - Blocked Shots : 10 - Penalty Minutes : 6
Bruins - Hits : 17 - Faceoff Wins : 31 - Blocked Shots : 9 - Penalty Minutes : 12

Official

Referees : Chris Lee and Michael Markovic
Linesman : Steve Barton and Devin Berg

Game Notes

No Game Note

Finance

Level 1 -- Attendance: 5401 (90.02%) -- Ticket Income $540,100
Level 2 -- Attendance: 5000 (100.00%) -- Ticket Income $350,000
Level 3 -- Attendance: 2000 (100.00%) -- Ticket Income $80,000
Level 4 -- Attendance: 4000 (100.00%) -- Ticket Income $120,000
Luxury Box -- Attendance: 1000 (100.00%) -- Ticket Income $200,000
Game was played at the TD Garden.
Total Attendance: 17401 (96.67%)
Total Ticket Income: $1,290,100
Other Income: $193,515
Total Income: $1,483,615

Devils

5 vs 5 Forward 
   Center                   Left Wing                Right Wing               Time % Phy DF OF 
 1 Nazem Kadri              Tyler Ennis              Nick Palmieri            35     0   2  3  
 2 Brayden Point            Jonathan Huberdeau       Logan Shaw               30     0   2  3  
 3 Sean Monahan             Sven Baertschi           Ondrej Kase              25     0   2  3  
 4 Anton Lander             Eric Tangradi            Nail Yakupov             10     0   2  3  

5 vs 5 Defense 
   Defense                  Defense                                           Time % Phy DF OF 
 1 Brandon Carlo            Kristopher Letang                                 34     1   3  1  
 2 Matt Donovan             Thomas Hickey                                     30     1   3  1  
 3 Michael Del Zotto        Damon Severson                                    28     1   3  1  
 4 Brandon Carlo            Kristopher Letang                                 8      1   3  1  

PowerPlay Forward 
   Center                   Left Wing                Right Wing               Time % Phy DF OF 
 1 Nazem Kadri              Tyler Ennis              Sean Monahan             55     0   0  5  
 2 Brayden Point            Jonathan Huberdeau       Ondrej Kase              45     0   0  5  

PowerPlay Defense
   Defense                  Defense                                           Time % Phy DF OF 
 1 Michael Del Zotto        Damon Severson                                    55     0   2  3  
 2 Kristopher Letang        Brandon Carlo                                     45     0   2  3  

Penalty Kill 4 Players Forward 
   Center                   Wing                     Time % Phy DF OF 
 1 Anton Lander             Nick Palmieri            60     1   3  1  
 2 Nazem Kadri              Logan Shaw               40     1   3  1  

Penalty Kill 4 Players Defense
   Defense                  Defense                  Time % Phy DF OF 
 1 Brandon Carlo            Michael Del Zotto        60     1   4  0  
 2 Thomas Hickey            Matt Donovan             40     1   4  0  

Penalty Kill - 3 Players Forward 
   Forward                                           Time % Phy DF OF 
 1 Nazem Kadri                                       60     0   4  1  
 2 Brayden Point                                     40     0   4  1  

Penalty Kill - 3 Players Defense
   Defense                  Defense                  Time % Phy DF OF 
 1 Brandon Carlo            Michael Del Zotto        60     1   4  0  
 2 Thomas Hickey            Matt Donovan             40     1   4  0  

4 vs 4 Forward 
   Center                   Wing                     Time % Phy DF OF 
 1 Nazem Kadri              Tyler Ennis              60     0   2  3  
 2 Brayden Point            Jonathan Huberdeau       40     0   2  3  

4 vs 4 Defense
   Defense                  Defense                  Time % Phy DF OF 
 1 Brandon Carlo            Michael Del Zotto        60     0   3  2  
 2 Kristopher Letang        Damon Severson           40     0   3  2  

Last Minutes Offensive
   Center                   Left Wing                Right Wing               Defense                  Defense                  
   Nazem Kadri              Tyler Ennis              Brayden Point            Michael Del Zotto        Kristopher Letang        

Last Minutes Defensive
   Center                   Left Wing                Right Wing               Defense                  Defense                  
   Nazem Kadri              Tyler Ennis              Nick Palmieri            Brandon Carlo            Michael Del Zotto        

Goaltenders
Starting : Jonathan Quick           
Backup : Thomas McCollum          

Extra Forwards
Normal : Sean Monahan, Ondrej Kase, Logan Shaw - PP : Nick Palmieri, Ondrej Kase - PK : Ondrej Kase
Extra Defensemen
Normal : Kristopher Letang, Matt Donovan, Damon Severson - PP : Matt Donovan - PK : Kristopher Letang, Brandon Carlo
Penalty Shots
Tyler Ennis, Nazem Kadri, Sean Monahan, Brayden Point, Jonathan Huberdeau
Custom OT Lines Forwards
Tyler Ennis, Nazem Kadri, Jonathan Huberdeau, Brayden Point, Anton Lander, Nick Palmieri, Logan Shaw, Nail Yakupov, Ondrej Kase, Sven Baertschi
Custom OT Lines Defensemen
Brandon Carlo, Michael Del Zotto, Kristopher Letang, Matt Donovan, Thomas Hickey

Scratches
Darren Dietz (Healthy)

Bruins

5 vs 5 Forward 
   Center                   Left Wing                Right Wing               Time % Phy DF OF 
 1 Jonathan Toews           Gabriel Landeskog        Zack Kassian             40     1   2  2  
 2 Alexander Wennberg       Wojtek Wolski            Mark Stone               30     1   2  2  
 3 Casey Cizikas            Eric Wellwood            Andreas Athanasiou       20     1   2  2  
 4 John Quenneville         Zemgus Girgensons        Gabriel Landeskog        10     1   2  2  

5 vs 5 Defense 
   Defense                  Defense                                           Time % Phy DF OF 
 1 Jason Demers             Madison Bowey                                     40     1   2  2  
 2 Torey Krug               Josh Manson                                       30     1   2  2  
 3 Adam Pelech              Mattias Ekholm                                    20     1   2  2  
 4 Brett Pesce              Jason Demers                                      10     1   2  2  

PowerPlay Forward 
   Center                   Left Wing                Right Wing               Time % Phy DF OF 
 1 Jonathan Toews           Gabriel Landeskog        Zack Kassian             60     1   2  2  
 2 Alexander Wennberg       Wojtek Wolski            Mark Stone               40     1   2  2  

PowerPlay Defense
   Defense                  Defense                                           Time % Phy DF OF 
 1 Jason Demers             Madison Bowey                                     60     1   2  2  
 2 Torey Krug               Josh Manson                                       40     1   2  2  

Penalty Kill 4 Players Forward 
   Center                   Wing                     Time % Phy DF OF 
 1 Gabriel Landeskog        Zack Kassian             60     1   2  2  
 2 Jonathan Toews           Alexander Wennberg       40     1   2  2  

Penalty Kill 4 Players Defense
   Defense                  Defense                  Time % Phy DF OF 
 1 Jason Demers             Madison Bowey            60     1   2  2  
 2 Torey Krug               Josh Manson              40     1   2  2  

Penalty Kill - 3 Players Forward 
   Forward                                           Time % Phy DF OF 
 1 Gabriel Landeskog                                 60     1   2  2  
 2 Zack Kassian                                      40     1   2  2  

Penalty Kill - 3 Players Defense
   Defense                  Defense                  Time % Phy DF OF 
 1 Jason Demers             Madison Bowey            60     1   2  2  
 2 Torey Krug               Josh Manson              40     1   2  2  

4 vs 4 Forward 
   Center                   Wing                     Time % Phy DF OF 
 1 Gabriel Landeskog        Zack Kassian             60     1   2  2  
 2 Jonathan Toews           Alexander Wennberg       40     1   2  2  

4 vs 4 Defense
   Defense                  Defense                  Time % Phy DF OF 
 1 Jason Demers             Madison Bowey            60     1   2  2  
 2 Torey Krug               Josh Manson              40     1   2  2  

Last Minutes Offensive
   Center                   Left Wing                Right Wing               Defense                  Defense                  
   Jonathan Toews           Gabriel Landeskog        Zack Kassian             Jason Demers             Madison Bowey            

Last Minutes Defensive
   Center                   Left Wing                Right Wing               Defense                  Defense                  
   Jonathan Toews           Gabriel Landeskog        Zack Kassian             Jason Demers             Madison Bowey            

Goaltenders
Starting : Kevin Poulin             
Backup : Tuukka Rask              

Extra Forwards
Normal : Eric Wellwood, Casey Cizikas, Andreas Athanasiou - PP : Eric Wellwood, Casey Cizikas - PK : Andreas Athanasiou
Extra Defensemen
Normal : Adam Pelech, Mattias Ekholm, Brett Pesce - PP : Adam Pelech - PK : Mattias Ekholm, Brett Pesce
Penalty Shots
Gabriel Landeskog, Zack Kassian, Jonathan Toews, Alexander Wennberg, Wojtek Wolski
Custom OT Lines Forwards
Gabriel Landeskog, Zack Kassian, Jonathan Toews, Alexander Wennberg, Wojtek Wolski, Mark Stone, Eric Wellwood, Casey Cizikas, Andreas Athanasiou, Zemgus Girgensons
Custom OT Lines Defensemen
Jason Demers, Madison Bowey, Torey Krug, Josh Manson, Adam Pelech

Scratches
Craig Smith (Sprained Right Finger Injury), Walker Duehr (Healthy)

% Time on Ice - Devils

Lines # - Real PCT - Wanted PCT - Time Play
Normal Forward
1 - 31% - 35% - 13:10
2 - 29% - 30% - 12:21
3 - 22% - 25% - 9:25
4 - 17% - 10% - 7:13
Normal Defense
1 - 35% - 34% - 14:40
2 - 35% - 30% - 14:42
3 - 29% - 28% - 12:20
4 - 1% - 8% - 0:27
PP Forward
1 - 55% - 55% - 6:36
2 - 45% - 45% - 5:18
PP Defense
1 - 51% - 55% - 6:01
2 - 49% - 45% - 5:53
PK Forward
1 - 71% - 60% - 4:14
2 - 29% - 40% - 1:43
PK Defense
1 - 61% - 60% - 3:36
2 - 39% - 40% - 2:21
PK3 Forward
1 - 0% - 60%
2 - 0% - 40%
PK3 Defense
1 - 0% - 60%
2 - 0% - 40%
44 Forward
1 - 0% - 60%
2 - 0% - 40%
44 Defense
1 - 0% - 60%
2 - 0% - 40%
Last Minute Offensive  - 0:00
Last Minute Defensive  - 0:00
Total
Forward - 60:00
Defense - 60:00

% Time on Ice - Bruins

Lines # - Real PCT - Wanted PCT - Time Play
Normal Forward
1 - 33% - 40% - 13:44
2 - 32% - 30% - 13:32
3 - 25% - 20% - 10:21
4 - 11% - 10% - 4:32
Normal Defense
1 - 35% - 40% - 14:48
2 - 34% - 30% - 14:18
3 - 22% - 20% - 9:18
4 - 9% - 10% - 3:45
PP Forward
1 - 51% - 60% - 3:03
2 - 49% - 40% - 2:54
PP Defense
1 - 61% - 60% - 3:37
2 - 39% - 40% - 2:20
PK Forward
1 - 71% - 60% - 8:29
2 - 29% - 40% - 3:25
PK Defense
1 - 61% - 60% - 7:15
2 - 39% - 40% - 4:39
PK3 Forward
1 - 0% - 60%
2 - 0% - 40%
PK3 Defense
1 - 0% - 60%
2 - 0% - 40%
44 Forward
1 - 0% - 60%
2 - 0% - 40%
44 Defense
1 - 0% - 60%
2 - 0% - 40%
Last Minute Offensive  - 0:00
Last Minute Defensive  - 0:00
Total
Forward - 60:00
Defense - 60:00

Play-by-Play

1st period


0:01 of 1st period - Jonathan Toews wins face-off versus Nazem Kadri in neutral zone.
0:10 of 1st period - Snap shot by Jonathan Toews.
0:10 of 1st period - Shot Blocked by Brandon Carlo.
0:12 of 1st period - Wrist shot by Jonathan Toews.
0:12 of 1st period - Stopped by Jonathan Quick with a rebound.
0:14 of 1st period - Slapshot by Madison Bowey.
0:14 of 1st period - Shot Misses the Net.
0:16 of 1st period - Slapshot by Gabriel Landeskog.
0:16 of 1st period - Shot Misses the Net.
1:32 of 1st period - Snap shot by Alexander Wennberg.
1:32 of 1st period - Stopped by Jonathan Quick without a rebound.
1:33 of 1st period - Nazem Kadri wins face-off versus Alexander Wennberg in Devils zone.
1:33 of 1st period - Nazem Kadri is hit by Wojtek Wolski.
1:36 of 1st period - Minor Penalty to Nick Palmieri for High sticking.
1:37 of 1st period - Jonathan Toews wins face-off versus Ondrej Kase in Devils zone.
2:06 of 1st period - Off-side.
2:07 of 1st period - Alexander Wennberg wins face-off versus Nazem Kadri in neutral zone.
2:24 of 1st period - Snap shot by Mark Stone.
2:24 of 1st period - Shot Blocked by Thomas Hickey.
2:26 of 1st period - Slapshot by Josh Manson.
2:26 of 1st period - Shot Misses the Net.
2:28 of 1st period - Snap shot by Mark Stone.
2:28 of 1st period - Deflect By Wojtek Wolski.
2:28 of 1st period - Shot Blocked by Thomas Hickey.
2:28 of 1st period - Puck is out of play.
2:29 of 1st period - Anton Lander wins face-off versus Jonathan Toews in Devils zone.
3:28 of 1st period - Josh Manson is hit by Ondrej Kase and loses puck.
3:36 of 1st period - Penalty to Nick Palmieri is over, Nick Palmieri is back on ice.
3:44 of 1st period - Off-side.
3:45 of 1st period - Brayden Point wins face-off versus Casey Cizikas in neutral zone.
3:48 of 1st period - Adam Pelech is hit by Brayden Point and loses puck.
3:55 of 1st period - Damon Severson is hit by Casey Cizikas and loses puck.
4:18 of 1st period - Slapshot by Andreas Athanasiou.
4:18 of 1st period - Stopped by Jonathan Quick with a rebound.
4:43 of 1st period - Snap shot by Casey Cizikas.
4:43 of 1st period - Stopped by Jonathan Quick without a rebound.
4:44 of 1st period - Nazem Kadri wins face-off versus Jonathan Toews in Devils zone.
5:39 of 1st period - Snap shot by Nail Yakupov.
5:39 of 1st period - Shot Blocked by Adam Pelech.
5:41 of 1st period - Wrist shot by Anton Lander.
5:41 of 1st period - Stopped by Kevin Poulin with a rebound.
5:43 of 1st period - Wrist shot by Nail Yakupov.
5:43 of 1st period - Stopped by Kevin Poulin with a rebound.
6:18 of 1st period - Jason Demers is hit by Sean Monahan and loses puck.
6:43 of 1st period - Wrist shot by Zemgus Girgensons.
6:43 of 1st period - Stopped by Jonathan Quick without a rebound.
6:44 of 1st period - Anton Lander wins face-off versus John Quenneville in Devils zone.
7:05 of 1st period - Torey Krug is hit by Kristopher Letang and loses puck.
7:10 of 1st period - Wrist shot by Nazem Kadri.
7:10 of 1st period - Stopped by Kevin Poulin without a rebound.
7:11 of 1st period - Alexander Wennberg wins face-off versus Nick Palmieri in Bruins zone.
7:38 of 1st period - Tyler Ennis is hit by Jonathan Toews and loses puck.
7:47 of 1st period - Slapshot by Zack Kassian.
7:47 of 1st period - Deflect By Jonathan Toews.
7:47 of 1st period - Stopped by Jonathan Quick without a rebound.
7:48 of 1st period - Jonathan Toews wins face-off versus Sean Monahan in Devils zone.
9:39 of 1st period - Josh Manson is hit by Logan Shaw and loses puck.
9:44 of 1st period - Snap shot by Logan Shaw.
9:44 of 1st period - Shot Blocked by Josh Manson.
9:46 of 1st period - Snap shot by Logan Shaw.
9:46 of 1st period - Shot Misses the Net.
9:48 of 1st period - Snap shot by Brandon Carlo.
9:48 of 1st period - Stopped by Kevin Poulin with a rebound.
9:50 of 1st period - Snap shot by Brayden Point.
9:50 of 1st period - Deflect By Logan Shaw.
9:50 of 1st period - Stopped by Kevin Poulin with a rebound.
10:04 of 1st period - Snap shot by Zack Kassian.
10:04 of 1st period - Shot Misses the Net.
10:06 of 1st period - Snap shot by Jonathan Toews.
10:06 of 1st period - Stopped by Jonathan Quick with a rebound.
10:08 of 1st period - Wrist shot by Torey Krug.
10:08 of 1st period - Stopped by Jonathan Quick with a rebound.
10:10 of 1st period - Slapshot by Josh Manson.
10:10 of 1st period - Stopped by Jonathan Quick without a rebound.
10:11 of 1st period - Alexander Wennberg wins face-off versus Tyler Ennis in Devils zone.
10:38 of 1st period - Matt Donovan is hit by Jason Demers and loses puck.
10:59 of 1st period - Slapshot by Logan Shaw.
10:59 of 1st period - Stopped by Kevin Poulin with a rebound.
11:03 of 1st period - Backhand shot by Logan Shaw.
11:03 of 1st period - Deflect By Jonathan Huberdeau.
11:03 of 1st period - Shot Misses the Net.
11:03 of 1st period - Puck is out of play.
11:04 of 1st period - Gabriel Landeskog wins face-off versus Nazem Kadri in Bruins zone.
11:33 of 1st period - Wojtek Wolski is hit by Ondrej Kase and loses puck.
11:59 of 1st period - Snap shot by Brayden Point.
11:59 of 1st period - Shot Blocked by Andreas Athanasiou.
12:56 of 1st period - Alexander Wennberg is hit by Sven Baertschi and loses puck.
13:09 of 1st period - Snap shot by Sven Baertschi.
13:09 of 1st period - Stopped by Kevin Poulin without a rebound.
13:10 of 1st period - Brayden Point wins face-off versus Casey Cizikas in Bruins zone.
13:14 of 1st period - Minor Penalty to Brett Pesce for Cross-checking.
13:15 of 1st period - Nazem Kadri wins face-off versus Gabriel Landeskog in Bruins zone.
13:33 of 1st period - Jason Demers is hit by Tyler Ennis and loses puck.
15:14 of 1st period - Penalty to Brett Pesce is over, Brett Pesce is back on ice.
15:40 of 1st period - Matt Donovan is hit by Eric Wellwood and loses puck.
16:34 of 1st period - Minor Penalty to Adam Pelech for Tripping.
16:35 of 1st period - Gabriel Landeskog wins face-off versus Nazem Kadri in Bruins zone.
18:34 of 1st period - Penalty to Adam Pelech is over, Adam Pelech is back on ice.
18:41 of 1st period - Alexander Wennberg is hit by Eric Tangradi and loses puck.
19:43 of 1st period - Gabriel Landeskog is hit by Anton Lander and loses puck.
Goals for this period are 0 for Devils vs 0 for Bruins.
Shots for this period are 7 for Devils vs 9 for Bruins.

2nd period


0:01 of 2nd period - Jonathan Toews wins face-off versus Nazem Kadri in neutral zone.
0:16 of 2nd period - Slapshot by Nick Palmieri.
0:16 of 2nd period - Shot Misses the Net.
0:23 of 2nd period - Icing by Jason Demers.
0:24 of 2nd period - Alexander Wennberg wins face-off versus Jonathan Huberdeau in Bruins zone.
0:35 of 2nd period - Wrist shot by Alexander Wennberg.
0:35 of 2nd period - Stopped by Jonathan Quick with a rebound.
0:52 of 2nd period - Minor Penalty to Zack Kassian for Interference.
0:53 of 2nd period - Tyler Ennis wins face-off versus Gabriel Landeskog in Bruins zone.
1:10 of 2nd period - Wrist shot by Nazem Kadri.
1:10 of 2nd period - Stopped by Kevin Poulin with a rebound.
2:07 of 2nd period - Josh Manson is hit by Brayden Point and loses puck.
2:43 of 2nd period - Jason Demers is hit by Jonathan Huberdeau and loses puck.
2:52 of 2nd period - Penalty to Zack Kassian is over, Zack Kassian is back on ice.
4:31 of 2nd period - Off-side.
4:32 of 2nd period - Jonathan Toews wins face-off versus Brayden Point in neutral zone.
4:55 of 2nd period - Nail Yakupov is hit by Wojtek Wolski and loses puck.
5:16 of 2nd period - Snap shot by Sven Baertschi.
5:16 of 2nd period - Shot Misses the Net.
5:30 of 2nd period - Brandon Carlo is hit by Jonathan Toews and loses puck.
7:35 of 2nd period - Brandon Carlo is hit by Wojtek Wolski and loses puck.
8:03 of 2nd period - Off-side.
8:04 of 2nd period - John Quenneville wins face-off versus Brayden Point in neutral zone.
8:07 of 2nd period - Slapshot by Torey Krug.
8:07 of 2nd period - Shot Misses the Net.
8:13 of 2nd period - Josh Manson is hit by Kristopher Letang.
8:39 of 2nd period - Wrist shot by Tyler Ennis.
8:39 of 2nd period - Shot Blocked by Jonathan Toews.
9:15 of 2nd period - Slapshot by Brandon Carlo.
9:15 of 2nd period - Shot Misses the Net.
9:33 of 2nd period - Snap shot by Logan Shaw.
9:33 of 2nd period - Stopped by Kevin Poulin without a rebound.
9:34 of 2nd period - Nazem Kadri wins face-off versus Alexander Wennberg in Bruins zone.
9:38 of 2nd period - Minor Penalty to Josh Manson for Cross-checking.
9:39 of 2nd period - Gabriel Landeskog wins face-off versus Nazem Kadri in Bruins zone.
9:39 of 2nd period - Gabriel Landeskog is hit by Tyler Ennis.
10:43 of 2nd period - Ondrej Kase is hit by Alexander Wennberg and loses puck.
11:38 of 2nd period - Penalty to Josh Manson is over, Josh Manson is back on ice.
12:01 of 2nd period - Slapshot by Anton Lander.
12:01 of 2nd period - Stopped by Kevin Poulin without a rebound.
12:02 of 2nd period - Alexander Wennberg wins face-off versus Anton Lander in Bruins zone.
12:27 of 2nd period - Jason Demers is hit by Tyler Ennis and loses puck.
13:03 of 2nd period - Snap shot by Sven Baertschi.
13:03 of 2nd period - Stopped by Kevin Poulin without a rebound.
13:04 of 2nd period - Alexander Wennberg wins face-off versus Brayden Point in Bruins zone.
13:04 of 2nd period - Alexander Wennberg is hit by Logan Shaw.
13:57 of 2nd period - Sean Monahan is hit by Jason Demers and loses puck.
15:05 of 2nd period - Slapshot by Eric Wellwood.
15:05 of 2nd period - Shot Blocked by Damon Severson.
15:17 of 2nd period - Wrist shot by Logan Shaw.
15:17 of 2nd period - Shot Blocked by Josh Manson.
15:23 of 2nd period - Snap shot by Logan Shaw.
15:23 of 2nd period - Shot Misses the Net.
15:25 of 2nd period - Snap shot by Brayden Point.
15:25 of 2nd period - Shot Blocked by Zemgus Girgensons.
15:53 of 2nd period - Adam Pelech is hit by Eric Tangradi and loses puck.
16:02 of 2nd period - Snap shot by Anton Lander.
16:02 of 2nd period - Shot Misses the Net.
16:29 of 2nd period - Icing by Nick Palmieri.
16:30 of 2nd period - Brayden Point wins face-off versus Alexander Wennberg in Devils zone.
17:09 of 2nd period - Snap shot by Nazem Kadri.
17:09 of 2nd period - Shot Misses the Net.
17:11 of 2nd period - Slapshot by Michael Del Zotto.
17:11 of 2nd period - Goal by Michael Del Zotto - Devils : 1 - Bruins : 0.
17:12 of 2nd period - Jonathan Toews wins face-off versus Nazem Kadri in neutral zone.
17:15 of 2nd period - Nick Palmieri is hit by Gabriel Landeskog and loses puck.
17:39 of 2nd period - Minor Penalty to Logan Shaw for Cross-checking.
17:40 of 2nd period - Anton Lander wins face-off versus Jonathan Toews in Devils zone.
19:39 of 2nd period - Penalty to Logan Shaw is over, Logan Shaw is back on ice.
19:50 of 2nd period - Snap shot by Sean Monahan.
19:50 of 2nd period - Stopped by Kevin Poulin without a rebound.
19:51 of 2nd period - Casey Cizikas wins face-off versus Sean Monahan in Bruins zone.
Goals for this period are 1 for Devils vs 0 for Bruins.
Shots for this period are 6 for Devils vs 1 for Bruins.

3rd period


0:01 of 3rd period - Nazem Kadri wins face-off versus Jonathan Toews in neutral zone.
0:14 of 3rd period - Wrist shot by Tyler Ennis.
0:14 of 3rd period - Stopped by Kevin Poulin with a rebound.
0:16 of 3rd period - Slapshot by Nazem Kadri.
0:16 of 3rd period - Shot Misses the Net.
0:45 of 3rd period - Wrist shot by Torey Krug.
0:45 of 3rd period - Stopped by Jonathan Quick without a rebound.
0:46 of 3rd period - Brayden Point wins face-off versus Alexander Wennberg in Devils zone.
0:53 of 3rd period - Alexander Wennberg is hit by Jonathan Huberdeau.
0:57 of 3rd period - Brayden Point is hit by Alexander Wennberg and loses puck.
1:04 of 3rd period - Alexander Wennberg is hit by Brayden Point and loses puck.
1:21 of 3rd period - Wrist shot by Jonathan Huberdeau.
1:21 of 3rd period - Stopped by Kevin Poulin without a rebound.
1:22 of 3rd period - Jonathan Toews wins face-off versus Nazem Kadri in Bruins zone.
2:10 of 3rd period - Snap shot by Sean Monahan.
2:10 of 3rd period - Shot Misses the Net.
2:12 of 3rd period - Slapshot by Thomas Hickey.
2:12 of 3rd period - Stopped by Kevin Poulin without a rebound.
2:13 of 3rd period - Alexander Wennberg wins face-off versus Nazem Kadri in Bruins zone.
2:18 of 3rd period - Slapshot by Jason Demers.
2:18 of 3rd period - Shot Blocked by Nick Palmieri.
2:30 of 3rd period - Snap shot by Tyler Ennis.
2:30 of 3rd period - Shot Misses the Net.
2:41 of 3rd period - Icing by Madison Bowey.
2:42 of 3rd period - Brayden Point wins face-off versus Jonathan Toews in Bruins zone.
2:43 of 3rd period - Backhand shot by Jonathan Huberdeau.
2:43 of 3rd period - Stopped by Kevin Poulin without a rebound.
2:44 of 3rd period - Jonathan Toews wins face-off versus Brayden Point in Bruins zone.
3:28 of 3rd period - Minor Penalty to Torey Krug for High sticking.
3:29 of 3rd period - Gabriel Landeskog wins face-off versus Nazem Kadri in Bruins zone.
3:42 of 3rd period - Icing by Kristopher Letang.
3:43 of 3rd period - Sean Monahan wins face-off versus Gabriel Landeskog in Devils zone.
3:47 of 3rd period - Icing by Brandon Carlo.
3:48 of 3rd period - Nazem Kadri wins face-off versus Gabriel Landeskog in Devils zone.
3:57 of 3rd period - Wrist shot by Nazem Kadri.
3:57 of 3rd period - Shot Misses the Net.
3:59 of 3rd period - Snap shot by Sean Monahan.
3:59 of 3rd period - Shot Misses the Net.
4:11 of 3rd period - Wrist shot by Tyler Ennis.
4:11 of 3rd period - Shot Blocked by Zack Kassian.
4:19 of 3rd period - Wrist shot by Sean Monahan.
4:19 of 3rd period - Shot Blocked by Jason Demers.
4:21 of 3rd period - Slapshot by Kristopher Letang.
4:21 of 3rd period - Stopped by Kevin Poulin with a rebound.
4:23 of 3rd period - Slapshot by Brandon Carlo.
4:23 of 3rd period - Shot Misses the Net.
4:55 of 3rd period - Wrist shot by Sean Monahan.
4:55 of 3rd period - Stopped by Kevin Poulin with a rebound.
4:57 of 3rd period - Snap shot by Sean Monahan.
4:57 of 3rd period - Shot Misses the Net.
4:59 of 3rd period - Slapshot by Kristopher Letang.
4:59 of 3rd period - Shot Blocked by Madison Bowey.
5:01 of 3rd period - Wrist shot by Nazem Kadri.
5:01 of 3rd period - Stopped by Kevin Poulin without a rebound.
5:02 of 3rd period - Alexander Wennberg wins face-off versus Brayden Point in Bruins zone.
5:28 of 3rd period - Penalty to Torey Krug is over, Torey Krug is back on ice.
5:40 of 3rd period - Snap shot by Andreas Athanasiou.
5:40 of 3rd period - Shot Misses the Net.
6:10 of 3rd period - Logan Shaw is hit by Wojtek Wolski and loses puck.
6:25 of 3rd period - Logan Shaw is hit by Wojtek Wolski and loses puck.
6:55 of 3rd period - Slapshot by Josh Manson.
6:55 of 3rd period - Shot Misses the Net.
7:08 of 3rd period - Wrist shot by Alexander Wennberg.
7:08 of 3rd period - Deflect By Wojtek Wolski.
7:08 of 3rd period - Stopped by Jonathan Quick without a rebound.
7:09 of 3rd period - Nazem Kadri wins face-off versus Jonathan Toews in Devils zone.
7:16 of 3rd period - Snap shot by Nazem Kadri.
7:16 of 3rd period - Shot Misses the Net.
7:18 of 3rd period - Slapshot by Kristopher Letang.
7:18 of 3rd period - Deflect By Nick Palmieri.
7:18 of 3rd period - Stopped by Kevin Poulin without a rebound.
7:19 of 3rd period - Nazem Kadri wins face-off versus Jonathan Toews in Bruins zone.
7:20 of 3rd period - Wrist shot by Tyler Ennis.
7:20 of 3rd period - Shot Misses the Net.
7:22 of 3rd period - Slapshot by Kristopher Letang.
7:22 of 3rd period - Deflect By Nazem Kadri.
7:22 of 3rd period - Stopped by Kevin Poulin without a rebound.
7:23 of 3rd period - Nazem Kadri wins face-off versus Jonathan Toews in Bruins zone.
7:42 of 3rd period - Jason Demers is hit by Tyler Ennis and loses puck.
7:57 of 3rd period - Madison Bowey is hit by Ondrej Kase and loses puck.
8:01 of 3rd period - Icing by Madison Bowey.
8:02 of 3rd period - Casey Cizikas wins face-off versus Sean Monahan in Bruins zone.
8:06 of 3rd period - Off-side.
8:07 of 3rd period - Jonathan Toews wins face-off versus Sean Monahan in neutral zone.
8:14 of 3rd period - Wrist shot by Gabriel Landeskog.
8:14 of 3rd period - Shot Misses the Net.
8:20 of 3rd period - Jonathan Toews is hit by Ondrej Kase and loses puck.
9:07 of 3rd period - Slapshot by Wojtek Wolski.
9:07 of 3rd period - Stopped by Jonathan Quick with a rebound.
9:23 of 3rd period - Snap shot by Andreas Athanasiou.
9:23 of 3rd period - Stopped by Jonathan Quick with a rebound.
9:54 of 3rd period - Snap shot by Alexander Wennberg.
9:54 of 3rd period - Shot Misses the Net.
10:27 of 3rd period - Snap shot by Gabriel Landeskog.
10:27 of 3rd period - Goal by Gabriel Landeskog - Devils : 1 - Bruins : 1.
10:28 of 3rd period - Gabriel Landeskog wins face-off versus Nazem Kadri in neutral zone.
10:33 of 3rd period - Slapshot by Mattias Ekholm.
10:33 of 3rd period - Shot Blocked by Brandon Carlo.
10:35 of 3rd period - Snap shot by Gabriel Landeskog.
10:35 of 3rd period - Stopped by Jonathan Quick with a rebound.
10:37 of 3rd period - Snap shot by Jonathan Toews.
10:37 of 3rd period - Shot Blocked by Tyler Ennis.
10:41 of 3rd period - Wrist shot by Zack Kassian.
10:41 of 3rd period - Stopped by Jonathan Quick with a rebound.
10:43 of 3rd period - Slapshot by Gabriel Landeskog.
10:43 of 3rd period - Shot Misses the Net.
10:45 of 3rd period - Snap shot by Gabriel Landeskog.
10:45 of 3rd period - Shot Misses the Net.
11:08 of 3rd period - Brandon Carlo is hit by Wojtek Wolski and loses puck.
11:29 of 3rd period - Slapshot by Brayden Point.
11:29 of 3rd period - Stopped by Kevin Poulin without a rebound.
11:30 of 3rd period - Jonathan Toews wins face-off versus Nazem Kadri in Bruins zone.
11:39 of 3rd period - Slapshot by Zack Kassian.
11:39 of 3rd period - Shot Misses the Net.
12:01 of 3rd period - Slapshot by Alexander Wennberg.
12:01 of 3rd period - Stopped by Jonathan Quick with a rebound.
12:03 of 3rd period - Slapshot by Madison Bowey.
12:03 of 3rd period - Stopped by Jonathan Quick without a rebound.
12:04 of 3rd period - Alexander Wennberg wins face-off versus Sean Monahan in Devils zone.
12:17 of 3rd period - Icing by Thomas Hickey.
12:18 of 3rd period - Sean Monahan wins face-off versus Jonathan Toews in Devils zone.
12:55 of 3rd period - Slapshot by Ondrej Kase.
12:55 of 3rd period - Shot Misses the Net.
12:57 of 3rd period - Wrist shot by Sean Monahan.
12:57 of 3rd period - Shot Misses the Net.
12:59 of 3rd period - Wrist shot by Ondrej Kase.
12:59 of 3rd period - Stopped by Kevin Poulin without a rebound.
13:00 of 3rd period - Nick Palmieri wins face-off versus Alexander Wennberg in Bruins zone.
13:03 of 3rd period - Wrist shot by Nick Palmieri.
13:03 of 3rd period - Stopped by Kevin Poulin without a rebound.
13:04 of 3rd period - Alexander Wennberg wins face-off versus Nazem Kadri in Bruins zone.
13:04 of 3rd period - Alexander Wennberg is hit by Brandon Carlo.
13:36 of 3rd period - Snap shot by Casey Cizikas.
13:36 of 3rd period - Stopped by Jonathan Quick with a rebound.
13:38 of 3rd period - Slapshot by Torey Krug.
13:38 of 3rd period - Shot Blocked by Jonathan Huberdeau.
13:40 of 3rd period - Snap shot by Eric Wellwood.
13:40 of 3rd period - Shot Blocked by Kristopher Letang.
13:42 of 3rd period - Wrist shot by Casey Cizikas.
13:42 of 3rd period - Deflect By Kristopher Letang.
13:42 of 3rd period - Shot Misses the Net.
13:42 of 3rd period - Puck is out of play.
13:43 of 3rd period - Nazem Kadri wins face-off versus Jonathan Toews in Devils zone.
14:40 of 3rd period - Minor Penalty to Adam Pelech for High sticking.
14:41 of 3rd period - Gabriel Landeskog wins face-off versus Brayden Point in Bruins zone.
14:41 of 3rd period - Gabriel Landeskog is hit by Kristopher Letang.
16:40 of 3rd period - Penalty to Adam Pelech is over, Adam Pelech is back on ice.
16:41 of 3rd period - Ondrej Kase is hit by Adam Pelech.
16:52 of 3rd period - Minor Penalty to Eric Tangradi for Roughing.
16:53 of 3rd period - Jonathan Toews wins face-off versus Anton Lander in Devils zone.
17:03 of 3rd period - Slapshot by Jonathan Toews.
17:03 of 3rd period - Shot Misses the Net.
17:05 of 3rd period - Snap shot by Jonathan Toews.
17:05 of 3rd period - Deflect By Nick Palmieri.
17:05 of 3rd period - Shot Blocked by Anton Lander.
17:05 of 3rd period - Puck is out of play.
17:06 of 3rd period - Anton Lander wins face-off versus Jonathan Toews in Devils zone.
17:31 of 3rd period - Brandon Carlo is hit by Jason Demers and loses puck.
18:22 of 3rd period - Alexander Wennberg is hit by Michael Del Zotto and loses puck.
18:52 of 3rd period - Penalty to Eric Tangradi is over, Eric Tangradi is back on ice.
18:59 of 3rd period - Josh Manson is hit by Thomas Hickey and loses puck.
Goals for this period are 0 for Devils vs 1 for Bruins.
Shots for this period are 12 for Devils vs 10 for Bruins.

Overtime #1


0:01 of 1st overtime period - Gabriel Landeskog wins face-off versus Nazem Kadri in neutral zone.
0:14 of 1st overtime period - Slapshot by Jonathan Toews.
0:14 of 1st overtime period - Shot Misses the Net.
0:33 of 1st overtime period - Wrist shot by Brayden Point.
0:33 of 1st overtime period - Deflect By Jonathan Huberdeau.
0:33 of 1st overtime period - Shot Misses the Net.
0:33 of 1st overtime period - Puck is out of play.
0:34 of 1st overtime period - Nazem Kadri wins face-off versus Gabriel Landeskog in Bruins zone.
0:39 of 1st overtime period - Snap shot by Tyler Ennis.
0:39 of 1st overtime period - Stopped by Kevin Poulin with a rebound.
1:09 of 1st overtime period - Snap shot by Brayden Point.
1:09 of 1st overtime period - Goal by Brayden Point - Devils : 2 - Bruins : 1.
Goals for this period are 1 for Devils vs 0 for Bruins.
Shots for this period are 2 for Devils vs 0 for Bruins.